[Event "ICC tourney 2329 (3 2)"]
[Site "Internet Chess Club"]
[Date "2021.01.22"]
[Round "4"]
[White "Ayushb"]
[Black "TjkTiger"]
[Result "0-1"]
[ICCResult "White resigns"]
[WhiteElo "1769"]
[BlackElo "2597"]
[Opening "Sicilian: accelerated fianchetto, modern variation with Bc4"]
[ECO "B35"]
[NIC "SI.43"]
[Time "22:35:20"]
[PlyCount "98"]
[TimeControl "180+2"]

1. e4 c5 2. Nf3 g6 3. d4 cxd4 4. Nxd4 Bg7 5. Nc3 Nc6 6. Be3 Nf6 7. Bc4 O-O
8. O-O Nxe4 9. Bxf7+ Rxf7 10. Nxe4 h6 11. Qd2 Kh7 12. c3 d5 13. Ng3 e5 14.
Nxc6 bxc6 15. Bc5 Qh4 16. Rfe1 h5 17. Rad1 a5 18. Bd6 e4 19. Bc5 Bh6 20.
Be3 Bxe3 21. Qxe3 Qf6 22. c4 Be6 23. cxd5 cxd5 24. Qd4 Qg5 25. Qe3 Qf6 26.
Qd4 Qxd4 27. Rxd4 Rc8 28. Rd2 a4 29. Ne2 Rd7 30. Nd4 Bf7 31. h3 Kg7 32. f3
exf3 33. Nxf3 Rdc7 34. Ne5 Rc2 35. Red1 Rxd2 36. Rxd2 Be6 37. Kf2 Kf6 38.
Nf3 Rc1 39. Nd4 Ke5 40. Nxe6 Kxe6 41. a3 Rb1 42. Kf3 g5 43. Kg3 Ke5 44. h4
g4 45. Kh2 d4 46. Kg3 Ke4 47. Kf2 d3 48. g3 Kd4 49. Kg2 Ke3 { White resigns
} 0-1

[Event "ICC tourney 2329 (3 2)"]
[Site "Internet Chess Club"]
[Date "2021.01.22"]
[Round "4"]
[White "michaelxiao"]
[Black "InfernoKing"]
[Result "0-1"]
[ICCResult "White checkmated"]
[WhiteElo "1336"]
[BlackElo "2133"]
[Opening "Giuoco Piano"]
[ECO "C54"]
[NIC "IG.02"]
[Time "22:35:27"]
[PlyCount "140"]
[TimeControl "180+2"]

1. e4 e5 2. Nf3 Nc6 3. Bc4 Bc5 4. c3 Nf6 5. d4 exd4 6. cxd4 Bb4+ 7. Bd2
Bxd2+ 8. Nbxd2 d5 9. exd5 Nxd5 10. Qb3 Na5 11. Qa4+ Nc6 12. Qb3 Nce7 13.
O-O O-O 14. Ne4 c6 15. Ne5 Kh8 16. f4 f6 17. Nd3 Bf5 18. Ndf2 b6 19. Ng3
Bg6 20. Bxd5 Nxd5 21. f5 Bf7 22. Qa3 Re8 23. Rfe1 Qc7 24. Rac1 Nf4 25.
Rxe8+ Rxe8 26. b4 Bd5 27. b5 Nxg2 28. bxc6 Nf4 29. Qc3 h5 30. Re1 Rc8 31.
Qa3 Qxc6 32. Qxa7 h4 33. Nge4 Nh3+ 34. Nxh3 Bxe4 35. Nf2 Bxf5 36. Re7 Qc1+
37. Kg2 Qg5+ 38. Kf1 Rc1+ 39. Re1 Rxe1+ 40. Kxe1 Qc1+ 41. Ke2 Qc4+ 42. Kf3
Qxd4 43. Qb8+ Kh7 44. Qf4 Qxf4+ 45. Kxf4 Be6 46. a3 g5+ 47. Ke4 Kg6 48. Nd3
Bf5+ 49. Ke3 Bxd3 50. Kxd3 g4 51. Kc4 g3 52. hxg3 hxg3 53. Kb5 g2 54. Kxb6
g1=Q+ 55. Kb7 Qc5 56. a4 Qa5 57. Kc6 Qxa4+ 58. Kb7 Qb5+ 59. Kc7 Qa6 60. Kd8
Kf7 61. Kd7 Qe6+ 62. Kd8 Qe7+ 63. Kc8 Qd6 64. Kb7 Ke7 65. Kc8 Qd7+ 66. Kb8
Qc6 67. Ka7 Kd7 68. Kb8 Qb5+ 69. Ka8 Kc7 70. Ka7 Qb7# { White checkmated }
0-1

[Event "ICC tourney 2329 (3 2)"]
[Site "Internet Chess Club"]
[Date "2021.01.22"]
[Round "5"]
[White "Assured"]
[Black "Openyagami"]
[Result "1/2-1/2"]
[ICCResult "Game drawn by mutual agreement"]
[WhiteElo "2577"]
[BlackElo "2606"]
[Opening "King's Indian: Torre attack"]
[ECO "A48"]
[NIC "QP.01"]
[Time "22:45:19"]
[PlyCount "24"]
[TimeControl "180+2"]

1. d4 Nf6 2. Nf3 g6 3. Bg5 Bg7 4. Nbd2 O-O 5. c3 d6 6. e4 Nbd7 7. Bd3 c6 8.
O-O Qc7 9. a4 a5 10. Re1 e5 11. h3 Re8 12. Qc2 Nh5 { Game drawn by mutual
agreement } 1/2-1/2

[Event "ICC tourney 2329 (3 2)"]
[Site "Internet Chess Club"]
[Date "2021.01.22"]
[Round "5"]
[White "BMWHero"]
[Black "Kyle45"]
[Result "1-0"]
[ICCResult "Black resigns"]
[WhiteElo "2580"]
[BlackElo "1100"]
[Opening "Sicilian: Nimzovich-Rossolimo attack (without ...d6)"]
[ECO "B30"]
[NIC "SI.31"]
[Time "22:45:17"]
[PlyCount "49"]
[TimeControl "180+2"]

1. e4 c5 2. Nf3 Nc6 3. Bb5 Nd4 4. Bc4 e6 5. c3 Nxf3+ 6. Qxf3 Nf6 7. O-O Be7
8. e5 Ng8 9. d4 cxd4 10. cxd4 f6 11. Nc3 d6 12. Re1 dxe5 13. dxe5 fxe5 14.
Qh5+ g6 15. Qxe5 Bf6 16. Qe4 Ne7 17. Bxe6 Bxe6 18. Qxe6 Qd7 19. Qxf6 Rf8
20. Qg7 Rf7 21. Qg8+ Rf8 22. Qxh7 Rf7 23. Qg8+ Rf8 24. Qxg6+ Kd8 25. Bg5 {
Black resigns } 1-0

[Event "ICC tourney 2329 (3 2)"]
[Site "Internet Chess Club"]
[Date "2021.01.22"]
[Round "5"]
[White "BreatheChessAls"]
[Black "Goran21"]
[Result "0-1"]
[ICCResult "White resigns"]
[WhiteElo "1915"]
[BlackElo "2008"]
[Opening "Queen's pawn: London system"]
[ECO "A45"]
[NIC "QP.07"]
[Time "22:45:20"]
[PlyCount "78"]
[TimeControl "180+2"]

1. d4 Nf6 2. Bf4 g6 3. e3 Bg7 4. Nf3 O-O 5. Be2 c5 6. h3 cxd4 7. exd4 d6 8.
Nbd2 Nd5 9. Bh2 Nc6 10. c4 Nb6 11. Nb3 a5 12. a4 Nb4 13. O-O Bf5 14. Nbd2
Nc2 15. Rc1 Nxd4 16. Nxd4 Bxd4 17. Bf3 Bxb2 18. Bxb7 Rb8 19. Be4 Bxe4 20.
Nxe4 Bxc1 21. Qxc1 f6 22. c5 Rc8 23. Qh6 dxc5 24. h4 Qd5 25. Ng3 c4 26. f4
Qd4+ 27. Kh1 c3 28. f5 Rf7 29. Ne2 Qg4 30. fxg6 hxg6 31. Nf4 Rh7 32. Qxg6+
Qxg6 33. Nxg6 c2 34. Rc1 Nd5 35. h5 Rxh5 36. Kg1 Rg5 37. Nh4 Rg4 38. Nf3
Rb4 39. Ne1 Rb1 { White resigns } 0-1

[Event "ICC tourney 2329 (3 2)"]
[Site "Internet Chess Club"]
[Date "2021.01.22"]
[Round "5"]
[White "HR2005"]
[Black "ved2006"]
[Result "1-0"]
[ICCResult "Black checkmated"]
[WhiteElo "2041"]
[BlackElo "1686"]
[Opening "French: Steinitz variation"]
[ECO "C11"]
[NIC "FR.04"]
[Time "22:45:20"]
[PlyCount "67"]
[TimeControl "180+2"]

1. e4 e6 2. d4 d5 3. Nc3 Nf6 4. e5 Nfd7 5. f4 a6 6. Nf3 c5 7. Be3 Nc6 8.
Qd2 Qb6 9. Na4 Qa7 10. c3 cxd4 11. Nxd4 Nxd4 12. Bxd4 Qb8 13. Nb6 Nxb6 14.
Bxb6 Bd7 15. Bd3 Be7 16. a4 Bd8 17. Bc5 Be7 18. Bxe7 Kxe7 19. O-O h6 20.
Kh1 b5 21. f5 bxa4 22. f6+ gxf6 23. exf6+ Ke8 24. Qe3 Qd6 25. Rae1 Bb5 26.
c4 Bxc4 27. Bxc4 dxc4 28. Qe4 Rd8 29. Qxc4 a3 30. bxa3 Qxa3 31. Qc6+ Kf8
32. Rd1 Rxd1 33. Qc8+ Rd8 34. Qxd8# { Black checkmated } 1-0

[Event "ICC tourney 2329 (3 2)"]
[Site "Internet Chess Club"]
[Date "2021.01.22"]
[Round "5"]
[White "ChiefDas"]
[Black "Kokosnuss1000"]
[Result "1-0"]
[ICCResult "Black resigns"]
[WhiteElo "1857"]
[BlackElo "1650"]
[Opening "Petrov: Nimzovich attack"]
[ECO "C42"]
[NIC "RG.03"]
[Time "22:45:30"]
[PlyCount "57"]
[TimeControl "180+2"]

1. e4 e5 2. Nf3 Nf6 3. Nxe5 d6 4. Nf3 Nxe4 5. Nc3 Nxc3 6. dxc3 Be7 7. Bd3
O-O 8. Bf4 Re8 9. O-O Bg4 10. Kh1 Nc6 11. Qd2 Bxf3 12. gxf3 Bh4 13. Rg1 Re6
14. Rg4 Ne5 15. Bxe5 Rxe5 16. Rag1 g6 17. Qh6 Qf6 18. Qxh4 Qxf3+ 19. R4g2
Rae8 20. Qg4 Qc6 21. f3 Re1 22. Be4 Rxg1+ 23. Rxg1 Qc5 24. Qd7 Re5 25. Qc8+
Kg7 26. Qxb7 Qf2 27. Qxc7 Rh5 28. Qxd6 Qxh2+ 29. Qxh2 { Black resigns } 1-0

[Event "ICC tourney 2329 (3 2)"]
[Site "Internet Chess Club"]
[Date "2021.01.22"]
[Round "5"]
[White "hackerguru"]
[Black "Gnanathan"]
[Result "1-0"]
[ICCResult "Black resigns"]
[WhiteElo "1750"]
[BlackElo "1101"]
[Opening "English: symmetrical variation"]
[ECO "A34"]
[NIC "EO.64"]
[Time "22:46:13"]
[PlyCount "43"]
[TimeControl "180+2"]

1. c4 c5 2. Nc3 Nf6 3. g3 g6 4. Bg2 Bg7 5. e4 Nc6 6. Nge2 e6 7. d3 d5 8.
cxd5 exd5 9. exd5 Nd4 10. O-O Bg4 11. f3 Bf5 12. Nxd4 cxd4 13. Qa4+ Bd7 14.
Qxd4 O-O 15. Qf2 Bf5 16. g4 Bxd3 17. Rd1 Bc4 18. b3 Bxd5 19. g5 Qc7 20.
gxf6 Qxc3 21. fxg7 Kxg7 22. Bb2 { Black resigns } 1-0

[Event "ICC tourney 2329 (3 2)"]
[Site "Internet Chess Club"]
[Date "2021.01.22"]
[Round "5"]
[White "Kinawa"]
[Black "MChessy"]
[Result "1-0"]
[ICCResult "Black checkmated"]
[WhiteElo "1535"]
[BlackElo "1950"]
[Opening "Caro-Kann: Steinitz variation"]
[ECO "B17"]
[NIC "CK.05"]
[Time "22:45:37"]
[PlyCount "43"]
[TimeControl "180+2"]

1. e4 c6 2. d4 d5 3. Nc3 dxe4 4. Nxe4 Nd7 5. Ng5 Ngf6 6. Bc4 e6 7. Ne2 Bd6
8. Bf4 Bxf4 9. Nxf4 O-O 10. O-O b5 11. Bb3 Qc7 12. Nfxe6 Qd6 13. Nxf8 Nxf8
14. Nxf7 Qe7 15. Re1 Qc7 16. Ne5+ Kh8 17. Qf3 Bb7 18. Qg3 Qb6 19. Nf7+ Kg8
20. Re7 Qxd4 21. Nh6+ Kh8 22. Qxg7# { Black checkmated } 1-0

[Event "ICC tourney 2329 (3 2)"]
[Site "Internet Chess Club"]
[Date "2021.01.22"]
[Round "5"]
[White "Averyyu321"]
[Black "muzikmixer"]
[Result "0-1"]
[ICCResult "White forfeits on time"]
[WhiteElo "1713"]
[BlackElo "1633"]
[Opening "Pirc: Ufimtsev-Pytel variation"]
[ECO "B07"]
[NIC "PU.08"]
[Time "22:45:23"]
[PlyCount "68"]
[TimeControl "180+2"]

1. e4 d6 2. d4 Nf6 3. Nc3 c6 4. Nf3 Bg4 5. Be2 e6 6. h3 Bxf3 7. Bxf3 d5 8.
e5 Nfd7 9. O-O a6 10. Be3 b5 11. a3 c5 12. dxc5 Bxc5 13. Bxc5 Nxc5 14. Re1
O-O 15. Qd4 Qc7 16. b4 Ncd7 17. Rad1 Nc6 18. Qf4 Ncxe5 19. Qe3 Nxf3+ 20.
Qxf3 Rac8 21. Re3 Nb6 22. Qg3 Qxg3 23. Rxg3 Rc4 24. Rdd3 Rfc8 25. Kf1 d4
26. Ne2 e5 27. f4 f6 28. fxe5 fxe5 29. Rg5 Rf8+ 30. Ke1 Rxc2 31. Rxe5 Nc4
32. Re4 Rb2 33. Nxd4 Rb1+ 34. Ke2 h5 { White forfeits on time } 0-1

[Event "ICC tourney 2329 (3 2)"]
[Site "Internet Chess Club"]
[Date "2021.01.22"]
[Round "5"]
[White "jy2020"]
[Black "jefferyx"]
[Result "0-1"]
[ICCResult "White resigns"]
[WhiteElo "2213"]
[BlackElo "2825"]
[Opening "Sicilian: Taimanov variation"]
[ECO "B46"]
[NIC "SI.39"]
[Time "22:45:51"]
[PlyCount "74"]
[TimeControl "180+2"]

1. e4 c5 2. Nf3 e6 3. d4 cxd4 4. Nxd4 Nc6 5. Nc3 a6 6. g3 Qc7 7. Bg2 Bc5 8.
Nxc6 dxc6 9. O-O e5 10. Qe2 Nf6 11. h3 Be6 12. Be3 Nd7 13. Rad1 Bxe3 14.
Qxe3 Qb6 15. Qxb6 Nxb6 16. b3 Ke7 17. f4 f6 18. Kf2 Rad8 19. Ke3 Nd7 20.
Rfe1 exf4+ 21. gxf4 g5 22. fxg5 fxg5 23. Ne2 Ne5 24. Nd4 Rhf8 25. c4 Bc8
26. Nf5+ Bxf5 27. exf5 Rxd1 28. Rxd1 Rxf5 29. Be4 Rf7 30. Rg1 h6 31. c5 Rf4
32. Rd1 Nd7 33. b4 Nf6 34. Bg2 Rxb4 35. Rd4 Rb2 36. Rd2 Rxd2 37. Kxd2 Nd7 {
White resigns } 0-1

[Event "ICC tourney 2329 (3 2)"]
[Site "Internet Chess Club"]
[Date "2021.01.22"]
[Round "5"]
[White "BlueDuck"]
[Black "Ben2008"]
[Result "0-1"]
[ICCResult "White resigns"]
[WhiteElo "980"]
[BlackElo "1900"]
[Opening "Sicilian defense"]
[ECO "B20"]
[NIC "SI.48"]
[Time "22:45:35"]
[PlyCount "48"]
[TimeControl "180+2"]

1. e4 c5 2. Bc4 e6 3. f4 a6 4. a4 d5 5. exd5 exd5 6. Ba2 Nf6 7. Nf3 Bd6 8.
O-O O-O 9. Nc3 Bxf4 10. d4 Bxc1 11. Rxc1 c4 12. b3 b5 13. axb5 axb5 14. Ra1
b4 15. Na4 c3 16. Nc5 Ng4 17. Re1 Nc6 18. h3 Nf6 19. Ne5 Qc7 20. Nxc6 Qxc6
21. Nd3 Qb6 22. Re7 Qxd4+ 23. Kh1 Ne4 24. Qe2 Ng3+ { White resigns } 0-1

[Event "ICC tourney 2329 (3 2)"]
[Site "Internet Chess Club"]
[Date "2021.01.22"]
[Round "5"]
[White "Shakhmatova"]
[Black "anmolwarman"]
[Result "1-0"]
[ICCResult "Black checkmated"]
[WhiteElo "1756"]
[BlackElo "1187"]
[Opening "Sicilian: closed"]
[ECO "B23"]
[NIC "SI.44"]
[Time "22:45:31"]
[PlyCount "81"]
[TimeControl "180+2"]

1. e4 c5 2. Nc3 g6 3. f4 Bg7 4. Nf3 Nc6 5. g3 e6 6. Bg2 Nh6 7. O-O d5 8. e5
Nf5 9. Qe1 O-O 10. g4 Nh6 11. h3 Kh8 12. d3 b6 13. Nb5 Ba6 14. Nd6 Ng8 15.
c3 Bxd3 16. Rf2 Nge7 17. Ng5 Qc7 18. Rd2 Ba6 19. Qh4 h6 20. f5 exf5 21.
Ngxf7+ Kh7 22. Ng5+ Kh8 23. Ne6 Qd8 24. Nxd8 Rfxd8 25. Nf7+ Kg8 26. Nxd8
Rxd8 27. Bxd5+ Kh7 28. Bxc6 Rxd2 29. Bxd2 g5 30. Bxg5 Nxc6 31. Bxh6 Bxh6
32. g5 Nxe5 33. Qxh6+ Kg8 34. Qe6+ Nf7 35. g6 Kg7 36. Qxf7+ Kh6 37. g7 Kg5
38. g8=Q+ Kf4 39. Kf2 Ke4 40. Qd5+ Kf4 41. Qg3# { Black checkmated } 1-0

[Event "ICC tourney 2329 (3 2)"]
[Site "Internet Chess Club"]
[Date "2021.01.22"]
[Round "5"]
[White "al68067"]
[Black "Fuydestroyer"]
[Result "1-0"]
[ICCResult "Black checkmated"]
[WhiteElo "1155"]
[BlackElo "129"]
[Opening "King's Indian: London system"]
[ECO "A45"]
[NIC "QP.03"]
[Time "22:45:28"]
[PlyCount "95"]
[TimeControl "180+2"]

1. d4 Nf6 2. Bf4 g6 3. Nf3 Bg7 4. e3 O-O 5. Bd3 d6 6. c4 e6 7. Nc3 Nc6 8.
h4 Bd7 9. Bg5 d5 10. cxd5 exd5 11. Nxd5 Qc8 12. Nxf6+ Bxf6 13. Bxf6 Nb4 14.
Be7 Nxd3+ 15. Qxd3 Re8 16. Bf6 Re6 17. Bg5 f6 18. Bf4 c6 19. Rc1 Kg7 20. d5
Re7 21. Bd6 Rf7 22. Qd4 Qe8 23. Ng5 Kg8 24. Nxf7 Qxf7 25. dxc6 Bxc6 26. O-O
Rc8 27. Qc4 Qxc4 28. Rxc4 Kf7 29. b4 a6 30. a4 b5 31. axb5 axb5 32. Rc5 Ke6
33. Bf4 Kd7 34. Rd1+ Ke6 35. Rd6+ Kf7 36. Rdxc6 Rxc6 37. Rxc6 Kg7 38. Rc5
f5 39. Rxb5 Kf6 40. Rc5 h5 41. b5 Ke7 42. b6 Kd7 43. b7 Ke6 44. b8=Q Kf6
45. Be5+ Ke6 46. Rc6+ Kf7 47. Qb7+ Kg8 48. Rc8# { Black checkmated } 1-0

[Event "ICC tourney 2329 (3 2)"]
[Site "Internet Chess Club"]
[Date "2021.01.22"]
[Round "5"]
[White "GGuseinov"]
[Black "woochess"]
[Result "1-0"]
[ICCResult "Black resigns"]
[WhiteElo "2715"]
[BlackElo "2595"]
[Opening "Sicilian: Taimanov variation"]
[ECO "B45"]
[NIC "SI.44"]
[Time "22:45:17"]
[PlyCount "59"]
[TimeControl "180+2"]

1. e4 c5 2. Nc3 e6 3. Nf3 Nc6 4. d4 cxd4 5. Nxd4 Nf6 6. g3 d6 7. Bg2 Be7 8.
Nxc6 bxc6 9. e5 Nd5 10. exd6 Qxd6 11. Ne4 Qc7 12. c4 Nf6 13. O-O O-O 14.
Qe2 Nxe4 15. Qxe4 Bb7 16. Bf4 Bd6 17. Bxd6 Qxd6 18. Rfd1 Qe7 19. b3 Rfd8
20. h4 g6 21. Qe5 f6 22. Qa5 e5 23. c5 f5 24. Bf1 e4 25. Rxd8+ Rxd8 26.
Qxa7 e3 27. Re1 f4 28. Qa5 Rd2 29. fxe3 fxe3 30. Qc3 { Black resigns } 1-0

[Event "ICC tourney 2329 (3 2)"]
[Site "Internet Chess Club"]
[Date "2021.01.22"]
[Round "5"]
[White "marinaxiao"]
[Black "JamesS"]
[Result "1-0"]
[ICCResult "Black resigns"]
[WhiteElo "1496"]
[BlackElo "1364"]
[Opening "Caro-Kann: Panov-Botvinnik attack, 5...e6"]
[ECO "B14"]
[NIC "CK.03"]
[Time "22:45:28"]
[PlyCount "71"]
[TimeControl "180+2"]

1. e4 c6 2. d4 d5 3. exd5 cxd5 4. c4 Nf6 5. Nc3 e6 6. Bg5 Be7 7. Nf3 dxc4
8. Bxc4 Nbd7 9. O-O O-O 10. Qc2 b6 11. Ne5 Bb7 12. Nxd7 Qxd7 13. Bxf6 Bxf6
14. Ne4 Be7 15. Rad1 Rac8 16. Nd2 Qc6 17. f3 b5 18. Bb3 Qxc2 19. Bxc2 Rxc2
20. Ne4 Rxb2 21. Nc5 Bxc5 22. dxc5 Rxa2 23. Rd7 Rb8 24. Rc1 Bc6 25. Rc7 Ra6
26. Rd1 g6 27. Rd6 Ra1+ 28. Kf2 Bd5 29. c6 b4 30. Rcd7 b3 31. c7 Rc8 32.
Rd8+ Kg7 33. Rxc8 b2 34. Rb8 Ra2 35. Kg3 Bxf3 36. gxf3 { Black resigns }
1-0

[Event "ICC tourney 2329 (3 2)"]
[Site "Internet Chess Club"]
[Date "2021.01.22"]
[Round "5"]
[White "kurumania"]
[Black "avocuddle"]
[Result "1-0"]
[ICCResult "Black forfeits on time"]
[WhiteElo "2514"]
[BlackElo "1961"]
[Opening "Caro-Kann: two knights, 3...Bg4"]
[ECO "B11"]
[NIC "CK.01"]
[Time "22:45:25"]
[PlyCount "67"]
[TimeControl "180+2"]

1. e4 c6 2. Nc3 d5 3. Nf3 Bg4 4. h3 Bxf3 5. Qxf3 e6 6. d4 dxe4 7. Qxe4 Nf6
8. Qd3 Nbd7 9. Be2 Qc7 10. O-O O-O-O 11. a4 Bd6 12. a5 a6 13. Qc4 Nd5 14.
Ne4 Bf4 15. g3 Bxc1 16. Rfxc1 h5 17. h4 f6 18. Qb3 g5 19. c4 Nf4 20. gxf4
Qxf4 21. Qe3 Qxh4 22. Nd6+ Kc7 23. Nf7 e5 24. Nxh8 Rxh8 25. d5 f5 26. dxc6
f4 27. Qa7 Kxc6 28. Bf3+ Kd6 29. Rd1+ Ke7 30. Qxb7 Rd8 31. Ra3 Qh3 32. Bg2
Qg4 33. Rad3 h4 34. Kh1 { Black forfeits on time } 1-0

[Event "ICC tourney 2329 (3 2)"]
[Site "Internet Chess Club"]
[Date "2021.01.22"]
[Round "5"]
[White "InfernoKing"]
[Black "clair"]
[Result "1/2-1/2"]
[ICCResult "Game drawn by mutual agreement"]
[WhiteElo "2133"]
[BlackElo "1681"]
[Opening "Robatsch defense"]
[ECO "B06"]
[NIC "KF.05"]
[Time "22:46:13"]
[PlyCount "103"]
[TimeControl "180+2"]

1. e4 g6 2. d4 Bg7 3. Nc3 e6 4. Nf3 Ne7 5. Be2 d6 6. O-O O-O 7. a4 a6 8.
Re1 b6 9. Bf1 Bb7 10. e5 Nd7 11. Ne4 dxe5 12. dxe5 Nxe5 13. Qxd8 Rfxd8 14.
Nxe5 Bxe5 15. Bg5 f6 16. Nxf6+ Bxf6 17. Bxf6 Kf7 18. Bxe7 Kxe7 19. Bc4 Rd6
20. Rad1 Rxd1 21. Rxd1 Rd8 22. Re1 Rd6 23. h3 Kf6 24. Re2 a5 25. Kh2 Bd5
26. Bxd5 exd5 27. c3 c6 28. Kg3 h6 29. Kf4 g5+ 30. Kg4 Kg6 31. Re7 h5+ 32.
Kg3 Rf6 33. f3 Rf4 34. Re6+ Kf7 35. Rxc6 Rxa4 36. Rxb6 h4+ 37. Kf2 Ra2 38.
Ke3 a4 39. Kd4 a3 40. bxa3 Rxa3 41. Kxd5 Ra2 42. Rb7+ Kf6 43. c4 Rxg2 44.
c5 Rg3 45. Ke4 Rxh3 46. c6 Rh1 47. f4 gxf4 48. Kxf4 Rc1 49. Rh7 Kg6 50.
Rxh4 Rxc6 51. Rg4+ Kf6 52. Kg3 { Game drawn by mutual agreement } 1/2-1/2

[Event "ICC tourney 2329 (3 2)"]
[Site "Internet Chess Club"]
[Date "2021.01.22"]
[Round "5"]
[White "ZYCON"]
[Black "michaelxiao"]
[Result "0-1"]
[ICCResult "White checkmated"]
[WhiteElo "1385"]
[BlackElo "1336"]
[Opening "Queen's gambit declined"]
[ECO "D30"]
[NIC "QO.17"]
[Time "22:46:06"]
[PlyCount "128"]
[TimeControl "180+2"]

1. d4 e6 2. c4 d5 3. Nf3 Nf6 4. e3 c6 5. Bd3 Nbd7 6. O-O Bb4 7. Nc3 Bxc3 8.
bxc3 O-O 9. cxd5 cxd5 10. c4 dxc4 11. Bxc4 Nb6 12. Bd3 Bd7 13. Ba3 Re8 14.
e4 Bc6 15. Rc1 Bxe4 16. Bxe4 Nxe4 17. Re1 Nf6 18. Qd3 Qd5 19. Qb3 Qxb3 20.
axb3 Rac8 21. Bd6 Red8 22. Be5 Nfd5 23. Red1 f6 24. Bg3 Rxc1 25. Rxc1 Nb4
26. Rc4 Nc6 27. Bc7 Rd7 28. Bxb6 axb6 29. Kf1 e5 30. dxe5 Nxe5 31. Nxe5
fxe5 32. Rb4 Rd6 33. Rb5 e4 34. Ke2 Kf7 35. Re5 Re6 36. Rxe6 Kxe6 37. Ke3
Ke5 38. f4+ exf3 39. gxf3 b5 40. b4 Kd5 41. Kd3 g5 42. h3 h5 43. Ke3 h4 44.
f4 gxf4+ 45. Kxf4 Kc4 46. Kg4 Kxb4 47. Kxh4 Ka3 48. Kg4 b4 49. h4 b3 50. h5
b2 51. h6 b1=Q 52. Kg5 Qh7 53. Kh5 Kb4 54. Kg5 Kc4 55. Kh5 b5 56. Kg5 b4
57. Kh5 b3 58. Kg5 b2 59. Kh5 b1=Q 60. Kg5 Qbf5+ 61. Kh4 Qxh6+ 62. Kg3
Qhg5+ 63. Kh2 Qff4+ 64. Kh1 Qfh4# { White checkmated } 0-1

[Event "ICC tourney 2329 (3 2)"]
[Site "Internet Chess Club"]
[Date "2021.01.22"]
[Round "5"]
[White "yogokings12"]
[Black "JDD01"]
[Result "1-0"]
[ICCResult "Black forfeits on time"]
[WhiteElo "1573"]
[BlackElo "1817"]
[Opening "Sicilian: Nimzovich-Rossolimo attack (with ...g6, without ...d6)"]
[ECO "B31"]
[NIC "SI.31"]
[Time "22:45:26"]
[PlyCount "67"]
[TimeControl "180+2"]

1. e4 c5 2. Nf3 Nc6 3. Bb5 g6 4. Bxc6 dxc6 5. d3 Bg7 6. h3 Nf6 7. Nc3 O-O
8. Be3 b6 9. Qd2 Qc7 10. O-O Rd8 11. Qe2 Ba6 12. e5 Nd5 13. Nxd5 cxd5 14.
Bf4 d4 15. Bg3 e6 16. Nd2 Bb7 17. f4 Qc6 18. Nc4 Rab8 19. Nd6 Ba8 20. Ne4
c4 21. Bh4 Rf8 22. Be7 Rfe8 23. Bd6 Rbd8 24. Rac1 Kh8 25. b3 b5 26. Rfe1
Bf8 27. Bxf8 Rxf8 28. dxc4 bxc4 29. Qxc4 Qb6 30. Qc5 Qb7 31. Re2 d3 32.
cxd3 Rc8 33. Qa3 Rfd8 34. Nd6 { Black forfeits on time } 1-0

[Event "ICC tourney 2329 (3 2)"]
[Site "Internet Chess Club"]
[Date "2021.01.22"]
[Round "5"]
[White "ASharikov"]
[Black "Drachekokosnuss"]
[Result "1-0"]
[ICCResult "Black checkmated"]
[WhiteElo "2281"]
[BlackElo "2100"]
[Opening "Dunst (Sleipner, Heinrichsen) opening"]
[ECO "D00"]
[NIC "VO.15"]
[Time "22:45:25"]
[PlyCount "97"]
[TimeControl "180+2"]

1. Nc3 Nf6 2. d4 d5 3. Bf4 e6 4. e3 Bd6 5. Qf3 Bxf4 6. Qxf4 O-O 7. g4 Nbd7
8. g5 Ne8 9. h4 f6 10. Qg3 f5 11. Nge2 Nd6 12. Nf4 Qe7 13. f3 c6 14. O-O-O
e5 15. Nh5 f4 16. Qg1 exd4 17. exd4 Qf7 18. g6 hxg6 19. Bd3 gxh5 20. Bg6
Qe6 21. Re1 Qf6 22. Rh2 Nc4 23. Rg2 Ne3 24. Rg5 Nb6 25. Rxh5 Bf5 26. Rg5
Bxg6 27. Rxg6 Qf5 28. Re2 Rf7 29. h5 Qxh5 30. Rh2 Qf5 31. Rg5 Qf6 32. Rgh5
g6 33. Rh6 Rg7 34. Rh8+ Kf7 35. R8h6 Nbc4 36. Ne2 Rag8 37. R2h4 Qf5 38.
Rxf4 Qxf4 39. Nxf4 g5 40. Nh5 Rg6 41. Rh7+ Ke6 42. b3 Nf5 43. bxc4 g4 44.
Nf4+ Kf6 45. Nxg6 Rxg6 46. fxg4 Ne7 47. Qf2+ Ke6 48. Qe3+ Kd6 49. Qxe7# {
Black checkmated } 1-0

[Event "ICC tourney 2329 (3 2)"]
[Site "Internet Chess Club"]
[Date "2021.01.22"]
[Round "5"]
[White "TjkTiger"]
[Black "Zapateado"]
[Result "1-0"]
[ICCResult "Black resigns"]
[WhiteElo "2597"]
[BlackElo "1908"]
[Opening "English: Mikenas-Carls variation"]
[ECO "A18"]
[NIC "EO.57"]
[Time "22:45:28"]
[PlyCount "113"]
[TimeControl "180+2"]

1. c4 e6 2. Nc3 Nf6 3. e4 d5 4. cxd5 exd5 5. e5 Ng8 6. d4 c5 7. Nf3 Nc6 8.
Bb5 a6 9. Bxc6+ bxc6 10. O-O h6 11. h3 Ne7 12. dxc5 Ng6 13. Na4 Rb8 14. Nd4
Bd7 15. f4 Be7 16. e6 fxe6 17. Qh5 O-O 18. Qxg6 Qa5 19. Nxe6 Bxe6 20. Qxe6+
Rf7 21. Qxc6 Rd8 22. b3 d4 23. Qb6 Qxb6 24. cxb6 d3 25. Bb2 d2 26. Rad1 Bb4
27. Bc3 Bxc3 28. Nxc3 Rb7 29. Rf2 Rxb6 30. Rfxd2 Rxd2 31. Rxd2 Rc6 32. Nd5
Kf7 33. Kf2 a5 34. g4 g6 35. Kf3 Ke6 36. Ne3 Rc1 37. Ke4 Rh1 38. f5+ gxf5+
39. gxf5+ Ke7 40. Nd5+ Kf7 41. Nf4 Re1+ 42. Re2 Ra1 43. Ke5 Rf1 44. f6 Rf3
45. h4 Rc3 46. h5 Rc5+ 47. Nd5 a4 48. bxa4 Ra5 49. Re4 Kf8 50. Rg4 Ke8 51.
Rg8+ Kf7 52. Rg7+ Kf8 53. Rb7 Ra6 54. Nb6 Ra5+ 55. Ke6 Ra8 56. Nxa8 Kg8 57.
a5 { Black resigns } 1-0

[Event "ICC tourney 2329 (3 2)"]
[Site "Internet Chess Club"]
[Date "2021.01.22"]
[Round "5"]
[White "ConnorGo"]
[Black "PearsonH"]
[Result "0-1"]
[ICCResult "White resigns"]
[WhiteElo "1145"]
[BlackElo "1752"]
[Opening "French defense"]
[ECO "C00"]
[NIC "FR.01"]
[Time "22:45:23"]
[PlyCount "142"]
[TimeControl "180+2"]

1. e4 e6 2. Nc3 d5 3. e5 c5 4. d4 cxd4 5. Qxd4 Nc6 6. Qd1 Nxe5 7. Bb5+ Bd7
8. Bxd7+ Qxd7 9. Nf3 Nxf3+ 10. Qxf3 Nf6 11. O-O Bd6 12. Bg5 Be7 13. Rad1
O-O 14. Bxf6 Bxf6 15. Rd3 Rfc8 16. Qg4 Bxc3 17. bxc3 Rc4 18. Qh3 Rac8 19.
Qg3 Qa4 20. h3 Qxa2 21. h4 Qxc2 22. h5 Rxc3 23. Rxc3 Qxc3 24. Qg4 Qc4 25.
Qg5 Qe4 26. h6 Qg6 27. Qe7 Qxh6 28. Qxb7 Re8 29. Qd7 Rf8 30. Qxa7 g6 31.
Rb1 Qf4 32. Rb7 Rc8 33. g3 Qf3 34. Rc7 Qd1+ 35. Kg2 Rxc7 36. Qxc7 Kg7 37.
Qe5+ Kf8 38. Qd6+ Kg8 39. Qd8+ Kg7 40. Qd6 Qd4 41. Qd7 h5 42. Qd6 Qe4+ 43.
Kf1 Qd3+ 44. Kg2 Qe4+ 45. Kf1 g5 46. Qa3 Qd4 47. Qf3 Kg6 48. Qb3 h4 49.
Qb1+ Kh6 50. Qb8 hxg3 51. fxg3 Qd3+ 52. Kg2 Qe2+ 53. Kh3 Kg7 54. g4 Qf3+
55. Qg3 Qxg3+ 56. Kxg3 d4 57. Kf2 e5 58. Ke2 e4 59. Kd2 Kg6 60. Ke2 f5 61.
gxf5+ Kxf5 62. Kf2 g4 63. Ke2 Kf4 64. Kf2 g3+ 65. Kf1 Kf3 66. Kg1 g2 67.
Kh2 Kf2 68. Kh3 g1=Q 69. Kh4 Qg3+ 70. Kh5 Kf3 71. Kh6 d3 { White resigns }
0-1